 Dungeon Crawl Stone Soup version 0.28-a0-495-g9bb89235eb (webtiles) character file.

Game seed: 12477094688326534764

636 mg7810 the Chopper (level 7, -5/53 HPs)
             Began as a Demonspawn Monk on Sept 19, 2021.
             Slain by Blork the orc (6 damage)
             ... on level 4 of the Dungeon.
             The game lasted 00:11:38 (3521 turns).

mg7810 the Chopper (Demonspawn Monk)                Turns: 3521, Time: 00:11:38

Health: -5/53      AC: 11    Str: 14    XL:     7   Next: 25%
Magic:  7/7        EV:  7    Int: 11    God:
Gold:   159        SH:  0    Dex: 21    Spells: 6/6 levels left

rFire   . . .      SeeInvis .   q - +1 hand axe (vamp)
rCold   . . .      Faith    .   (no shield)
rNeg    . . .      Spirit   .   o - +0 chain mail {rPois}
rPois   +          Reflect  .   (helmet restricted)
rElec   .          Harm     .   (no cloak)
rCorr   .          Rampage  .   e - +1 pair of gloves
Will    .....                   (no boots)
Stlth   ..........              (no amulet)
HPRegen 0.17/turn               n - +6 ring of dexterity
MPRegen 0.20/turn               (no ring)

@: lethally poisoned (-5 -> -21), hasted, very quick
A: horns 2, talons 1, magic regeneration
a: no special abilities


You were on level 4 of the Dungeon.
You visited 1 branch of the dungeon, and saw 4 of its levels.

You collected 159 gold pieces.

Inventory:

Hand Weapons
 a - a +0 hand axe
 q - a +1 vampiric hand axe (weapon)
Missiles
 f - 3 javelins (quivered)
 i - 7 silver javelins
Armour
 e - a +1 pair of gloves (worn)
 o - a +0 chain mail of poison resistance (worn)
Jewellery
 n - a +6 ring of dexterity (left hand)
 p - a +6 ring of strength
Wands
 b - a wand of iceblast (7)
 c - a wand of digging (5)
Scrolls
 d - a scroll of teleportation
 g - a scroll of enchant weapon {unknown}
 h - a scroll of fear {unknown}
 j - a scroll of vulnerability {unknown}
 l - a scroll of fog {unknown}
 s - a scroll of silence {unknown}
 t - a scroll of identify {unknown}
Potions
 k - a potion of heal wounds {unknown}
 m - a potion of flight {unknown}


   Skills:
 + Level 3.7 Fighting
 + Level 4.3 Axes
 * Level 2.0 Throwing
 * Level 3.7 Armour
 + Level 3.1 Dodging
 - Level 2.0 Stealth
 * Level 2.2 Unarmed Combat
 * Level 1.6 Evocations


You had 6 spell levels left.
You didn't know any spells.
Your spell library contained the following spells:

 Spells                   Type           Power      Damage    Failure   Level
 Shock                    Conj/Air       0%         1d3       100%        1
 Ensorcelled Hibernation  Hex/Ice        0%         N/A       100%        2
 Frozen Ramparts          Ice            0%         1d2       100%        3
 Swiftness                Air            0%         N/A       100%        3
 Tukima's Dance           Hex            0%         N/A       100%        3
 Airstrike                Air            0%         N/A       100%        4
 Ice Form                 Ice/Tmut       0%         N/A       100%        4
 Summon Ice Beast         Ice/Summ       0%         N/A       100%        4
 Freezing Cloud           Conj/Ice/Air   0%         6-21      100%        5
 Simulacrum               Ice/Necr       0%         N/A       100%        6
 Borgnjor's Revivificati  Necr           0%         N/A       100%        8
 Necromutation            Tmut/Necr      0%         N/A       100%        8
 Death's Door             Necr           0%         N/A       100%        9
 Polar Vortex             Ice            0%         N/A       100%        9


Dungeon Overview and Level Annotations

Branches:
Dungeon (4/15)
 Temple: D:4-7

Altars:
Dithmenos
Fedhas
Nemelex Xobeh
Okawaru

Annotations:
D:4 Blork the orc


Innate Abilities, Weirdness & Mutations

You have a pair of horns on your head.
You have sharp toenails.
You regenerate magic rapidly.


Message History

Blork the orc casts a spell.
Blork the orc seems to speed up.
You hit Blork the orc but do no damage. You claw Blork the orc.
Blork the orc is heavily wounded.
You feel sick.
Blork the orc points at you and mumbles some strange words.
The magic dart hits you.
Blork the orc hits you with a +0 trident of venom!
You are more poisoned.
You hit Blork the orc. You headbutt Blork the orc.
Blork the orc is severely wounded.
You feel very sick.
Blork the orc screams, "Die!"
Blork the orc hits you with a +0 trident of venom.
You are more poisoned.
Blork the orc casts a cantrip, but nothing happens.
You hit Blork the orc but do no damage. You claw Blork the orc.
Blork the orc is severely wounded.
You feel very sick. Blork the orc barely misses you.
You hit Blork the orc.
You feel better.
You headbutt Blork the orc.
Blork the orc is almost dead.
* * * LOW HITPOINT WARNING * * *
You feel very sick. Blork the orc barely misses you. x2
You barely miss Blork the orc. Your headbutt misses Blork the orc.
Blork the orc is almost dead.
* * * LOW HITPOINT WARNING * * *
You feel very sick.
Blork the orc points at you and mumbles some strange words.
The puff of flame hits you.
* * * LOW HITPOINT WARNING * * *
Blork the orc hits you with a +0 trident of venom.
* * * LOW HITPOINT WARNING * * *
You are more poisoned.
It was a potion of haste.
You feel yourself speed up.
* * * LOW HITPOINT WARNING * * *
You feel very sick.
Blork the orc hits you with a +0 trident of venom.
You die...

.## ###.# ..# .#..# #(.
.#..# #. #.. ....# #..
#.# ....##..# #.#
........ .######(###
......##........o..####.
......... #...@.......
......... ##..........#
...####... #...#.......#
....# #.##...#.......#
.##.## #..... #.......#
####.#####....##........
# #..#.......#......##.
# ##...####............
# #.### ###.......###


You could see Blork the orc (fast).

Vanquished Creatures
  Grinder (D:3)
  Sigmund (D:2)
  A black bear (D:4)
  A scorpion (D:3)
  An iguana (D:4)
  An orc wizard (D:4)
  2 adders (D:3)
  5 dart slugs
  3 orcs (D:4)
  4 endoplasms
  2 giant cockroaches (D:1)
  4 goblins
  6 hobgoblins
  2 jackals (D:4)
  3 quokkas
  5 bats
  4 frilled lizards
  3 kobolds
  3 rats (D:3)
52 creatures vanquished.

Notes
Turn   | Place    | Note
-------+----------+-------------------------------------------
     0 | D:1      | mg7810 the Demonspawn Monk began the quest for the Orb.
     0 | D:1      | Reached XP level 1. HP: 18/18 MP: 1/1
   367 | D:1      | Found a faded altar of an unknown god.
   451 | D:1      | Gained mutation: You have sharp toenails. [demonic
                  | ancestry]
   451 | D:1      | Reached XP level 2. HP: 21/24 MP: 2/2
   968 | D:2      | Reached skill level 3 in Axes
  1425 | D:2      | Noticed Sigmund
  1672 | D:2      | Killed Sigmund
  1673 | D:2      | Reached skill level 1 in Throwing
  1673 | D:2      | Reached skill level 1 in Unarmed Combat
  1673 | D:2      | Reached XP level 3. HP: 15/29 MP: 3/3
  1673 | D:2      | Gained mutation: You have a pair of small horns on your
                  | head. [demonic ancestry]
  1673 | D:2      | Reached XP level 4. HP: 18/35 MP: 4/4
  1673 | D:2      | Gained mutation: You regenerate magic rapidly. [demonic
                  | ancestry]
  1673 | D:2      | Reached XP level 5. HP: 22/41 MP: 5/5
  2038 | D:3      | Found a sparkling altar of Nemelex Xobeh.
  2098 | D:3      | Found a blossoming altar of Fedhas.
  2128 | D:3      | Found a shadowy altar of Dithmenos.
  2225 | D:3      | Noticed Grinder
  2751 | D:3      | Killed Grinder
  2752 | D:3      | Reached skill level 4 in Axes
  2752 | D:3      | Reached skill level 1 in Evocations
  2752 | D:3      | Reached XP level 6. HP: 41/48 MP: 6/6
  3152 | D:4      | Found an iron altar of Okawaru.
  3165 | D:4      | Gained mutation: You have a pair of horns on your head.
                  | [demonic ancestry]
  3165 | D:4      | Reached XP level 7. HP: 33/53 MP: 7/7
  3508 | D:4      | Noticed Blork the orc
  3521 | D:4      | HP: 1/53 [poisoned by Blork the orc]
  3521 | D:4      | Slain by Blork the orc

Illustrated notes

Levels and vault maps discovered:
D:1:      lemuel_arrival_cross, layout_basic,
          dilly_ecumenical_altar_fadedgnrine, minmay_split_cup_large
D:2:      layout_basic, uniq_sigmund
D:3:      layout_rooms, mainiacjoe_overflow_tiny_flanked,
          mainiacjoe_overflow_two_lobes, st_stairs_7, hangedman_decor_points,
          dk_noncrumbling_3, corexii_corridor_pit, grunt_decor_clamped,
          eino_tiny_chamber, uniq_grinder
D:4:      layout_layer_cave, okawaru_ov_weapons_minmay, lemuel_blue_sif_altar,
          zin_treasury, serial_shops, shop, uniq_blork_the_orc

Skill      XL: |  1  2  3  4  5  6  7 |
---------------+----------------------+-----
Stealth        | 2 |  2.0
Axes           | 3 4 |  4.3
Throwing       | 1 2 |  2.0
Armour         | 2 3 |  3.7
Dodging        | 3 |  3.1
Unarmed Combat | 1 2 |  2.2
Evocations     | 1 |  1.6
Fighting       | |  3.7

Action                   |  1- 3 |  4- 6 |  7- 9 || total
-------------------------+-------+-------+-------++-------
Melee: Hand axe          |    58 |    70 |    19 ||   147
       Kick              |     8 |    18 |     8 ||    34
       Headbutt          |       |    15 |     7 ||    22
       Punch             |       |     1 |       ||     1
Throw: Javelin           |     2 |     8 |     4 ||    14
  Use: Potion            |     4 |       |     1 ||     5
       Scroll            |     1 |     1 |       ||     2
 Stab: Sleeping          |     2 |       |       ||     2
Armor: Robe              |     5 |       |       ||     5
       Ring mail         |    18 |       |       ||    18
       Chain mail        |     3 |    46 |    12 ||    61
Dodge: Dodged            |    29 |    29 |    13 ||    71

Table legend: (Time is in decaauts)
 A = Elapsed time spent in this place.
 B = Non-inter-level travel time spent in this place.
 C = Inter-level travel time spent in this place.
 D = Time resting spent in this place.
 E = Time spent auto-exploring this place.
 F = Levels seen in this place.
 G = Mean time per level.
                   A        B        C        D        E       F      G
               +--------+--------+--------+--------+--------+-----+--------+
         Total |   3545 |   3435 |    110 |      0 |   2784 |   4 |  886.2 |
       Dungeon |   3545 |   3435 |    110 |      0 |   2784 |   4 |  886.2 |
               +--------+--------+--------+--------+--------+-----+--------+

Top non-repeatable levels by time:
     D:3: 1079 daAuts
     D:1: 973 daAuts
     D:2: 872 daAuts
     D:4: 619 daAuts
